2415 views
Uploaded 2021-11-06 17:39:40
Game version 1.32.10
18:39 long 2on2 ladder game on (4)TwistedMeadows
Saved by qiqi214
2415 views
Uploaded 2021-11-06 17:39:40
Game version 1.32.10
18:39 long 2on2 ladder game on (4)TwistedMeadows


59 units @ 8.5k
/ 1.4k
37 buildings @ 4.6k
/ 1.9k


| Lesser Clarity Potion | 7 | 490 |
| Scroll of Regeneration | 5 | 500 |
| Potion of Healing | 5 | 750 |
| Potion of Mana | 4 | 800 |
| Dust of Appearance | 1 | 75 |
| Scroll of Town Portal | 1 | 350 |
| Boots of Speed | 1 | 250 |
| total: | 24 | 3215g |
| Peasant | 10 | 750 | / | 0 |
| Rifleman | 8 | 1640 | / | 240 |
| Gryphon Rider | 4 | 1120 | / | 280 |
| Goblin Shredder | 1 | 375 | / | 100 |
| total: | 23 | 3885g | / | 620w |
| Scout Tower | 6 | 180 | / | 120 |
| Arcane Tower | 2 | 140 | / | 100 |
| Guard Tower | 4 | 280 | / | 200 |
| Altar of Kings | 1 | 180 | / | 50 |
| Farm | 9 | 720 | / | 180 |
| Barracks | 3 | 480 | / | 180 |
| Blacksmith | 1 | 140 | / | 60 |
| Lumber Mill | 1 | 120 | / | 0 |
| Arcane Vault | 1 | 130 | / | 30 |
| Town Hall | 1 | 385 | / | 205 |
| Gryphon Aviary | 2 | 280 | / | 300 |
| Keep | 1 | 320 | / | 210 |
| Castle | 1 | 360 | / | 210 |
| total: | 25 | 2615g | / | 1125w |
| 0:02 | Peasant |
| 0:02 | Peasant |
| 0:02 | Peasant |
| 0:07 | Altar of Kings |
| 0:19 | Farm |
| 0:34 | Peasant |
| 0:34 | Peasant |
| 1:17 | Peasant |
| 1:22 | Barracks |
| 1:28 | Blacksmith |
| 1:41 | Peasant |
| 1:41 | Peasant |
| 1:44 | Lumber Mill |
| 1:55 | Scout Tower |
| 2:24 | Storm Bolt |
| 2:41 | Arcane Tower |
| 2:43 | Scout Tower |
| 2:55 | Arcane Vault |
| 3:11 | Arcane Tower |
| 3:22 | Peasant |
| 3:23 | Farm |
| 3:25 | Improved Lumber Harvesting |
| 3:46 | Lesser Clarity Potion |
| 3:46 | Scroll of Regeneration |
| 3:50 | Barracks |
| 4:04 | Rifleman |
| 4:07 | Farm |
| 4:14 | Farm |
| 4:16 | Rifleman |
| 4:41 | Farm |
| 4:48 | Black Gunpowder |
| 4:58 | Lesser Clarity Potion |
| 4:59 | Rifleman |
| 5:00 | Rifleman |
| 5:11 | Farm |
| 5:35 | Rifleman |
| 6:15 | Keep |
| 6:26 | Rifleman |
| 6:27 | Bash |
| 6:45 | Farm |
| 6:47 | Farm |
| 6:52 | Improved Masonry |
| 6:54 | Studded Leather Armor |
| 7:10 | Dust of Appearance |
| 7:43 | Rifleman |
| 7:49 | Storm Bolt |
| 8:06 | Boots of Speed |
| 8:42 | Long Rifles |
| 9:06 | Scroll of Regeneration |
| 9:07 | Lesser Clarity Potion |
| 9:32 | Town Hall |
| 9:39 | Scout Tower |
| 10:07 | Advanced Lumber Harvesting |
| 10:18 | Guard Tower |
| 10:19 | Scout Tower |
| 10:51 | Guard Tower |
| 10:52 | Scout Tower |
| 10:59 | Advanced Masonry |
| 11:21 | Guard Tower |
| 11:23 | Peasant |
| 11:29 | Scout Tower |
| 11:35 | Holy Light |
| 11:40 | Refined Gunpowder |
| 11:41 | Lesser Clarity Potion |
| 11:41 | Scroll of Regeneration |
| 11:47 | Potion of Healing |
| 11:50 | Lesser Clarity Potion |
| 11:50 | Scroll of Regeneration |
| 11:57 | Guard Tower |
| 12:33 | Potion of Healing |
| 12:33 | Lesser Clarity Potion |
| 12:35 | Potion of Mana |
| 12:36 | Potion of Mana |
| 12:47 | Rifleman |
| 13:59 | Barracks |
| 14:00 | Castle |
| 14:02 | Gryphon Aviary |
| 14:06 | Potion of Healing |
| 14:06 | Scroll of Regeneration |
| 14:42 | Gryphon Aviary |
| 14:53 | Scroll of Town Portal |
| 14:54 | Potion of Healing |
| 14:58 | Bash |
| 15:00 | Lesser Clarity Potion |
| 15:34 | Goblin Shredder |
| 16:02 | Farm |
| 16:05 | Divine Shield |
| 16:37 | Gryphon Rider |
| 16:58 | Potion of Mana |
| 17:21 | Potion of Healing |
| 17:21 | Potion of Mana |
| 17:26 | Gryphon Rider |
| 17:45 | Gryphon Rider |
| 17:46 | Storm Bolt |
| 18:10 | Gryphon Rider |
| Right click | 935 |
| Select | 482 |
| Select group | 451 |
| Misc. action | 175 |
| Build/train/purchase | 104 |
| Use ability | 58 |
| Assign group | 56 |
| Minimap ping | 10 |
| Resource trade | 4 |


| Staff of Preservation | 2 | 300 |
| Orb of Venom | 1 | 325 |
| Potion of Healing | 1 | 150 |
| Dust of Appearance | 1 | 75 |
| total: | 5 | 850g |
| Wisp | 13 | 780 | / | 0 |
| Archer | 10 | 1300 | / | 100 |
| Dryad | 6 | 870 | / | 360 |
| Druid of the Claw | 4 | 1020 | / | 320 |
| Forest Troll Berserker | 1 | 245 | / | 30 |
| Forest Troll Shadow Priest | 2 | 390 | / | 20 |
| total: | 36 | 4605g | / | 830w |
| Altar of Elders | 1 | 180 | / | 50 |
| Moon Well | 5 | 900 | / | 200 |
| Ancient of War | 2 | 300 | / | 120 |
| Ancient of Wonders | 1 | 90 | / | 30 |
| Hunter's Hall | 1 | 210 | / | 100 |
| Ancient of Lore | 2 | 310 | / | 290 |
| Tree of Ages | 2 | 640 | / | 360 |
| Tree of Eternity | 2 | 660 | / | 400 |
| total: | 12 | 1990g | / | 790w |
| 0:02 | Wisp |
| 0:02 | Wisp |
| 0:08 | Altar of Elders |
| 0:17 | Moon Well |
| 0:19 | Wisp |
| 0:29 | Wisp |
| 0:45 | Ancient of War |
| 0:46 | Wisp |
| 1:02 | Wisp |
| 1:11 | Wisp |
| 1:24 | Wisp |
| 1:49 | Archer |
| 1:52 | Wisp |
| 1:57 | Moon Well |
| 1:58 | Wisp |
| 2:04 | Archer |
| 2:25 | Ancient of War |
| 2:33 | Entangling Roots |
| 2:51 | Wisp |
| 2:53 | Archer |
| 3:08 | Moon Well |
| 3:08 | Archer |
| 3:28 | Archer |
| 3:58 | Tree of Ages |
| 4:30 | Moon Well |
| 4:50 | Archer |
| 5:04 | Ancient of Wonders |
| 5:47 | Archer |
| 5:53 | Archer |
| 6:25 | Hunter's Hall |
| 6:30 | Forest Troll Berserker |
| 6:34 | Force of Nature |
| 6:45 | Forest Troll Shadow Priest |
| 6:45 | Forest Troll Shadow Priest |
| 6:50 | Improved Bows |
| 8:04 | Ancient of Lore |
| 8:29 | Summon Quilbeast |
| 8:34 | Ancient of Lore |
| 9:04 | Summon Hawk |
| 9:10 | Archer |
| 9:23 | Staff of Preservation |
| 9:23 | Dust of Appearance |
| 9:37 | Dryad |
| 9:37 | Abolish Magic |
| 9:56 | Dryad |
| 9:57 | Wisp |
| 9:58 | Wisp |
| 10:00 | Ultravision |
| 10:53 | Dryad |
| 10:54 | Archer |
| 11:22 | Dryad |
| 11:44 | Staff of Preservation |
| 12:29 | Druid of the Claw Adept Training |
| 12:30 | Dryad |
| 13:23 | Dryad |
| 14:12 | Druid of the Claw |
| 14:16 | Moon Well |
| 14:26 | Tree of Eternity |
| 14:59 | Summon Hawk |
| 15:11 | Strength of the Wild |
| 15:12 | Druid of the Claw |
| 15:15 | Force of Nature |
| 16:27 | Druid of the Claw |
| 16:50 | Orb of Venom |
| 16:50 | Potion of Healing |
| 16:56 | Druid of the Claw Master Training |
| 18:30 | Druid of the Claw |
| Right click | 1269 |
| Select | 453 |
| Select group | 361 |
| Misc. action | 136 |
| Assign group | 84 |
| Build/train/purchase | 84 |
| Use ability | 47 |
| Minimap ping | 23 |
| Resource trade | 11 |
| Item give/drop | 1 |
| Remove unit | 1 |
| Esc | 1 |
54 units @ 8.7k
/ 0.9k
27 buildings @ 4.7k
/ 1.8k


| Healing Salve | 3 | 300 |
| Lesser Clarity Potion | 6 | 420 |
| Orb of Lightning | 1 | 375 |
| Scroll of Town Portal | 1 | 350 |
| Boots of Speed | 1 | 250 |
| total: | 12 | 1695g |
| Peon | 8 | 600 | / | 0 |
| Grunt | 6 | 1200 | / | 0 |
| Tauren | 5 | 1400 | / | 400 |
| total: | 19 | 3200g | / | 400w |
| Altar of Storms | 1 | 180 | / | 50 |
| Orc Burrow | 6 | 960 | / | 240 |
| Barracks | 1 | 180 | / | 50 |
| Voodoo Lounge | 1 | 130 | / | 30 |
| War Mill | 1 | 205 | / | 0 |
| Great Hall | 1 | 385 | / | 185 |
| Tauren Totem | 2 | 270 | / | 310 |
| Stronghold | 1 | 315 | / | 190 |
| Fortress | 2 | 650 | / | 380 |
| total: | 13 | 2310g | / | 865w |
| 0:08 | Peon |
| 0:08 | Peon |
| 0:09 | Peon |
| 0:12 | Altar of Storms |
| 0:22 | Orc Burrow |
| 0:41 | Barracks |
| 0:53 | Peon |
| 1:04 | Peon |
| 1:04 | Peon |
| 1:31 | Orc Burrow |
| 1:38 | Peon |
| 1:44 | Grunt |
| 1:52 | Peon |
| 2:08 | Voodoo Lounge |
| 2:27 | Grunt |
| 2:34 | Wind Walk |
| 3:08 | Stronghold |
| 3:18 | Grunt |
| 3:47 | Grunt |
| 4:25 | Healing Salve |
| 4:25 | Healing Salve |
| 4:49 | Grunt |
| 4:51 | War Mill |
| 4:53 | Orc Burrow |
| 5:00 | Critical Strike |
| 5:36 | Grunt |
| 6:13 | Fortress |
| 6:30 | Boots of Speed |
| 6:45 | Healing Salve |
| 6:45 | Lesser Clarity Potion |
| 6:45 | Lesser Clarity Potion |
| 7:10 | Hex |
| 7:36 | Tauren Totem |
| 7:47 | Wind Walk |
| 8:12 | Tauren Totem |
| 8:14 | Orc Burrow |
| 8:23 | Lesser Clarity Potion |
| 8:36 | Orc Burrow |
| 8:54 | Healing Wave |
| 8:57 | Pulverize |
| 9:32 | Tauren |
| 9:52 | Tauren |
| 10:15 | Lesser Clarity Potion |
| 10:15 | Orb of Lightning |
| 10:45 | Tauren |
| 11:34 | Tauren |
| 11:50 | Orc Burrow |
| 12:39 | Critical Strike |
| 12:46 | Healing Wave |
| 14:17 | Tauren |
| 14:44 | Scroll of Town Portal |
| 15:09 | Lesser Clarity Potion |
| 15:11 | Lesser Clarity Potion |
| 15:30 | Hex |
| 15:44 | Great Hall |
| 17:14 | Wind Walk |
| 17:48 | Healing Wave |
| Right click | 1052 |
| Select group | 470 |
| Select | 292 |
| Assign group | 143 |
| Misc. action | 118 |
| Build/train/purchase | 118 |
| Use ability | 26 |
| Chat | 26 |
| Minimap ping | 25 |
| Item give/drop | 3 |
| Esc | 1 |


| Healing Salve | 4 | 400 |
| Scroll of Speed | 4 | 200 |
| Lesser Clarity Potion | 7 | 490 |
| Dust of Appearance | 2 | 150 |
| Scroll of Healing | 1 | 250 |
| Scroll of Town Portal | 1 | 350 |
| Circlet of Nobility | 3 | 525 |
| Potion of Lesser Invulnerability | 2 | 300 |
| total: | 24 | 2665g |
| Peon | 8 | 600 | / | 0 |
| Grunt | 11 | 2200 | / | 0 |
| Raider | 7 | 1260 | / | 280 |
| Spirit Walker | 2 | 390 | / | 70 |
| Troll Headhunter | 2 | 280 | / | 40 |
| Kodo Beast | 1 | 255 | / | 60 |
| Troll Berserker | 4 | 560 | / | 80 |
| total: | 35 | 5545g | / | 530w |
| Watch Tower | 2 | 220 | / | 160 |
| Altar of Storms | 1 | 180 | / | 50 |
| Orc Burrow | 5 | 800 | / | 200 |
| Barracks | 1 | 180 | / | 50 |
| Voodoo Lounge | 1 | 130 | / | 30 |
| War Mill | 1 | 205 | / | 0 |
| Great Hall | 1 | 385 | / | 185 |
| Beastiary | 1 | 145 | / | 140 |
| Tauren Totem | 1 | 135 | / | 155 |
| Stronghold | 1 | 315 | / | 190 |
| Fortress | 1 | 325 | / | 190 |
| total: | 14 | 2380g | / | 970w |
| 0:01 | Peon |
| 0:01 | Peon |
| 0:03 | Altar of Storms |
| 0:18 | Orc Burrow |
| 0:27 | Peon |
| 0:35 | Barracks |
| 0:42 | Peon |
| 0:54 | Peon |
| 1:10 | Peon |
| 1:27 | Orc Burrow |
| 1:35 | Grunt |
| 1:35 | Grunt |
| 1:35 | Grunt |
| 1:43 | Peon |
| 1:43 | Peon |
| 2:06 | Wind Walk |
| 2:18 | Circlet of Nobility |
| 2:18 | Circlet of Nobility |
| 2:18 | Circlet of Nobility |
| 2:18 | Dust of Appearance |
| 2:19 | Dust of Appearance |
| 2:22 | Grunt |
| 2:42 | Stronghold |
| 3:03 | Grunt |
| 3:14 | Voodoo Lounge |
| 4:01 | Orc Burrow |
| 4:04 | War Mill |
| 4:44 | Grunt |
| 4:50 | Critical Strike |
| 5:07 | Beastiary |
| 5:22 | Tauren Totem |
| 6:07 | Healing Salve |
| 6:07 | Scroll of Speed |
| 6:07 | Healing Salve |
| 6:11 | Ensnare |
| 6:20 | Hex |
| 6:27 | Berserker Strength |
| 6:30 | Raider |
| 6:34 | Orc Burrow |
| 7:40 | Grunt |
| 7:40 | Raider |
| 7:51 | Healing Salve |
| 7:52 | Scroll of Speed |
| 7:52 | Lesser Clarity Potion |
| 7:56 | Lesser Clarity Potion |
| 8:00 | Spirit Walker |
| 8:21 | Steel Armor |
| 8:23 | Spirit Walker Adept Training |
| 8:52 | Raider |
| 8:58 | Wind Walk |
| 9:00 | Healing Wave |
| 9:07 | Potion of Lesser Invulnerability |
| 9:08 | Scroll of Healing |
| 9:13 | Grunt |
| 9:29 | Reinforced Defenses |
| 9:32 | Pillage |
| 9:37 | Steel Melee Weapons |
| 9:37 | Thorium Melee Weapons |
| 10:02 | Spirit Walker |
| 10:14 | Grunt |
| 10:14 | Grunt |
| 10:14 | Grunt |
| 10:46 | Raider |
| 10:52 | Healing Salve |
| 10:52 | Scroll of Speed |
| 10:52 | Lesser Clarity Potion |
| 10:52 | Lesser Clarity Potion |
| 11:34 | Fortress |
| 11:51 | Raider |
| 13:18 | Raider |
| 13:18 | Raider |
| 13:55 | Berserker Upgrade |
| 13:56 | Troll Headhunter |
| 13:57 | War Drums Damage Increase |
| 13:59 | Kodo Beast |
| 14:07 | Scroll of Speed |
| 14:07 | Lesser Clarity Potion |
| 14:07 | Lesser Clarity Potion |
| 14:26 | Troll Headhunter |
| 14:30 | Spirit Walker Master Training |
| 14:38 | Steel Ranged Weapons |
| 14:48 | Healing Wave |
| 15:11 | Troll Berserker |
| 15:29 | Troll Berserker |
| 15:40 | Great Hall |
| 16:01 | Scroll of Town Portal |
| 16:04 | Lesser Clarity Potion |
| 16:11 | Thorium Ranged Weapons |
| 16:11 | Arcanite Ranged Weapons |
| 16:23 | Critical Strike |
| 16:46 | Troll Berserker |
| 16:46 | Troll Berserker |
| 16:59 | Potion of Lesser Invulnerability |
| 17:20 | Hex |
| 18:33 | Orc Burrow |
| 18:35 | Watch Tower |
| 18:36 | Watch Tower |
| Select group | 2312 |
| Right click | 1807 |
| Assign group | 557 |
| Select | 464 |
| Build/train/purchase | 167 |
| Misc. action | 165 |
| Use ability | 83 |
| Chat | 7 |
| Item give/drop | 4 |
| Minimap ping | 4 |
| Remove unit | 1 |
| Esc | 1 |